 Dungeon Crawl Stone Soup version 0.18.1-50-g88ac8fd (webtiles) character file.

53 Franakus the Conjurer (level 3, -3/19 HPs)
             Began as a Deep Elf Conjurer on Oct 29, 2016.
             Slain by an orc
             ... wielding a cursed -2 trident
              (8 damage)
             ... on level 3 of the Dungeon.
             The game lasted 00:06:54 (1120 turns).

Franakus the Conjurer (Deep Elf Conjurer)           Turns: 1120, Time: 00:06:55

Health: -3/19      AC:  2    Str:  5    XL:     3   Next: 62%
Magic:  6/10       EV: 13    Int: 20    God:
Gold:   76         SH:  0    Dex: 15    Spells: 2 memorised, 6 levels left

rFire  . . .     SeeInvis .     m - +0 dagger
rCold  . . .     Gourm    .     a - +0 robe
rNeg   . . .     Faith    .     (no shield)
rPois  .         Spirit   .     (no helmet)
rElec  .         Dismiss  .     (no cloak)
rCorr  .         Reflect  .     (no gloves)
SustAt .         Harm     .     (no boots)
MR     .....                    (no amulet)
Stlth  ++........               (no ring)
                                (no ring)

@: not resistant to hostile enchantments, unstealthy
A: no striking features
a: no special abilities


You were on level 3 of the Dungeon.
You were hungry.

You visited 1 branch of the dungeon, and saw 4 of its levels.

You collected 76 gold pieces.

Inventory:

Hand Weapons
 m - a +0 dagger (weapon)
Armour
 a - a +0 robe (worn)
Scrolls
 d - a scroll of teleportation {unknown}
 e - a scroll of noise {unknown}
 f - 2 scrolls of identify {unknown}
 g - a scroll of immolation {unknown}
 k - 2 scrolls of magic mapping {unknown}
 l - a scroll of recharging {unknown}
 n - a scroll of random uselessness {unknown}
Potions
 h - a potion of curing {unknown}
 j - a potion of flight {unknown}
 o - a potion of brilliance {unknown}
Books
 b - a book of Conjurations

   Spells                             Type                      Level
   a - Magic Dart                     Conjuration                  1
   b - Searing Ray                    Conjuration                  2
   c - Dazzling Spray                 Conjuration/Hexes            3
   d - Fulminant Prism                Conjuration/Hexes            4
   e - Iskenderun's Mystic Blast      Conjuration                  4
   f - Iskenderun's Battlesphere      Conjuration/Charms           5
Comestibles
 c - 2 bread rations
 i - a slice of pizza


   Skills:
 + Level 2.6 Dodging
 + Level 2.5 Stealth
 + Level 3.5 Spellcasting
 + Level 5.5 Conjurations


You had 6 spell levels left.
You knew the following spells:

 Your Spells              Type           Power        Failure   Level  Hunger
a - Magic Dart            Conj           ####         1%          1    None
b - Searing Ray           Conj           ####..       2%          2    ##.....


Dungeon Overview and Level Annotations

Branches:
Dungeon (4/15)
 Temple: D:4-7

Altars:
Pakellas
Qazlal
Trog

Shops:
D:2 }

Annotations:
D:2 Robin


Message History

The orc shouts!
The orc hits you with an enchanted trident.
There is a stone staircase leading down here.
The hobgoblin hits you but does no damage.
The orc barely misses you.
You climb downwards.
A giant newt and 2 skeletons come into view.
Found three items.
There is a stone staircase leading up here.
HP restored.
The orc barely misses you. The hobgoblin hits you with a club.
The orc closely misses you.
You climb upwards.
The orc shouts!
The orc hits you with a hand axe. x2
There is a stone staircase leading down here.
The orc barely misses you. The hobgoblin hits you with a club.
* * * LOW HITPOINT WARNING * * *
The orc barely misses you.
The orc hits you from afar with an enchanted trident!
You die...

. .. ..? # #..
o# #.## ..#
#...######.####
#.@.goo.....#
#(..o.......#
#...........#
#...<(......#
#.....$......#
#.......#.####
#....####.#
...##.# .# #.?.
#.


You could see 3 orcs and a hobgoblin.

Vanquished Creatures
  Terence (D:2)
  An ooze (D:1)
  A dart slug (D:1)
  2 ball pythons
  2 giant cockroaches
  6 goblins
  A hobgoblin (D:1)
  4 bats
  2 kobolds
  3 rats
23 creatures vanquished.

Notes
Turn   | Place    | Note
--------------------------------------------------------------
     0 | D:1      | Franakus the Deep Elf Conjurer began the quest for the Orb.
     0 | D:1      | Reached XP level 1. HP: 10/10 MP: 6/6
   318 | D:1      | Reached XP level 2. HP: 15/15 MP: 6/8
   322 | D:1      | Learned a level 2 spell: Searing Ray
   715 | D:2      | Reached skill level 5 in Conjurations
   732 | D:2      | Found an oddly glowing altar of Pakellas.
   732 | D:2      | Found Pakellas's Prime Provisions.
   860 | D:2      | Noticed Terence
   870 | D:2      | Noticed Robin
   987 | D:2      | Found a bloodstained altar of Trog.
  1018 | D:2      | Reached XP level 3. HP: 19/19 MP: 5/9
  1021 | D:2      | Found a stormy altar of Qazlal.
  1070 | D:2      | Killed Terence
  1120 | D:3      | Slain by an orc

Skill      XL: |  1  2 |
---------------+-------+-----
Conjurations   | 5 |  5.5
Dodging        | |  2.6
Stealth        | |  2.5
Spellcasting   | |  3.5

Action                   || total
-------------------------++-------
 Cast: Magic Dart        ||    37
       Searing Ray       ||     2
Armor: Robe              ||     4
Dodge: Dodged            ||     8
